cohdb
Replays
Latest Replays
All Replays
Popular Replays
Top Player Replays
Match Explorer
How It Works
Community
CoH3 Stats
Reddit
Sign in to upload your games and track your stats! →
Sign in with Steam
Match 40144984
Unlisted
Match 40144984
Overview
Messages
Build Orders
End
Royal Engineer Section
Construct Section Command Post
Selects Canadian Shock Battlegroup
Infantry Section
Infantry Section
ML 3-inch Mortar Team
Grenade Package
Construct Platoon Command Post
Construct Field Infirmary
Selects Attacking Spirit
Selects Canadian Shock Section
Selects Incendiary Munitions
Canadian Shock Section
Construct Company Command Post
Crusader II Medium Tank
Foot Guards Section
Selects Pyrotechnics
Matilda II Heavy Tank
Matilda II Heavy Tank
Armored Vehicle Training
BIOHAZARD
=BIA=Daghito
=BIA=Decapsy
Giovanni
=LiG= Waffen
Stratego
=BIA=Obersky
lumezzz1919
0
0
Comments
sign in to comment!
No comments posted yet!